 Dungeon Crawl Stone Soup version 0.29-a0-317-gd16b76e6b1 (webtiles) character file.

Game seed: 8695504702713750941

41139 Murumi the Blocker (level 14, -6/98 (113) HPs)
             Began as a Formicid Abyssal Knight on Mar 30, 2022.
             Was the Champion of Lugonu.
             Mangled by a tyrant leech (20 damage)
             ... on level 6 of the Lair of Beasts on Mar 31, 2022.
             The game lasted 00:58:40 (14990 turns).

Murumi the Blocker (Formicid Abyssal Knight)       Turns: 14990, Time: 00:58:41

HP:   -6/98 (113)   AC: 19    Str: 28    XL:     14   Next: 48%
MP:   23/23         EV:  8    Int: 11    God:    Lugonu [******]
Gold: 538           SH: 17    Dex: 11    Spells: 13/13 levels left

rFire   . . .      SeeInvis +   i - +1 glaive
rCold   . . .      Faith    .   y - +0 tower shield
rNeg    . . .      Spirit   .   b - +0 chain mail
rPois   +          Reflect  .   (helmet unavailable)
rElec   .          Harm     .   D - +2 cloak
rCorr   .          Rampage  .   p - +0 pair of gloves
Will    +....                   g - +1 pair of boots
Stlth   +.........              j - amulet of regeneration
HPRegen 1.06/turn               C - ring of poison resistance
MPRegen 0.18/turn               x - +6 ring of strength

@: heavily drained
A: permanent stasis, dig shafts and tunnels, antennae 3, four strong arms
a: Dig, Shaft Self, Renounce Religion, Depart the Abyss, Bend Space, Banish,
Corrupt, Enter the Abyss, Brand Weapon With Distortion


You were on level 6 of the Lair of Beasts.
You worshipped Lugonu.
Lugonu was exalted by your worship.
You visited 2 branches of the dungeon, and saw 15 of its levels.
You visited the Abyss 1 time.

You collected 898 gold pieces.
You spent 360 gold pieces at shops.

Inventory:

Hand Weapons
 i - a +1 glaive (weapon)
 M - a +1 trident of freezing
Missiles
 t - 2 throwing nets
Armour
 b - a +0 chain mail (worn)
 g - a +1 pair of boots (worn)
 p - a +0 pair of gloves (worn)
 y - a +0 tower shield (worn)
 D - a +2 cloak (worn)
Jewellery
 c - a ring of protection from fire
 h - a ring of resist corrosion
 j - an amulet of regeneration (around neck)
 x - a +6 ring of strength (right hand)
 C - a ring of poison resistance (left hand)
 G - a ring of protection from cold
Wands
 u - a wand of polymorph (12)
 w - a wand of mindburst (15)
 E - a wand of digging (5)
 F - a wand of paralysis (6)
 K - a wand of acid (5)
 L - a wand of iceblast (4)
Scrolls
 n - 2 scrolls of silence
 z - 4 scrolls of enchant weapon
 A - 2 scrolls of enchant armour
 B - a scroll of magic mapping
 H - 2 scrolls of identify
 I - a scroll of amnesia
 J - 4 scrolls of fear
Potions
 a - 3 potions of attraction
 d - 3 potions of mutation
 e - 3 potions of heal wounds
 f - 2 potions of ambrosia
 k - 3 potions of lignification
 l - 6 potions of might
 m - 7 potions of curing
 o - 2 potions of magic
 q - a potion of flight
 r - a potion of cancellation
 s - 2 potions of brilliance
 v - 3 potions of invisibility
 N - a potion of resistance
Miscellaneous
 O - a condenser vane


   Skills:
 + Level 11.3 Fighting
 - Level 10.0 Polearms
 - Level 11.0 Armour
 - Level 4.0 Dodging
 - Level 9.0 Stealth
 - Level 13.0 Shields
 - Level 12.0 Invocations
 - Level 6.0 Evocations


You had 13 spell levels left.
You didn't know any spells.
Your spell library contained the following spells:

 Spells                   Type           Power      Damage    Failure   Level
 Sting                    Tmut/Pois      0%         1d3       99%         1
 Ignite Poison            Fire/Tmut/Pois 0%         N/A       100%        3
 Inner Flame              Hex/Fire       0%         N/A       100%        3
 Mephitic Cloud           Conj/Pois/Air  0%         N/A       100%        3
 Spider Form              Tmut/Pois      0%         N/A       100%        3
 Cause Fear               Hex            0%         N/A       100%        4
 Alistair's Intoxication  Tmut/Pois      0%         N/A       100%        5
 Freezing Cloud           Conj/Ice/Air   0%         6-21      100%        5
 Iskenderun's Battlesphe  Conj           0%         2d6       100%        5
 Dispersal                Tloc           0%         N/A       100%        6
 Iron Shot                Conj/Erth      0%         9d1       100%        6
 Dragon Form              Tmut           0%         N/A       100%        7
 Spellforged Servitor     Conj/Summ      0%         N/A       100%        7
 Discord                  Hex            0%         N/A       100%        8
 Disjunction              Tloc           0%         N/A       100%        8


Dungeon Overview and Level Annotations

Branches:
Dungeon (9/15)             Temple (0/1) D:4            Lair (6/6) D:9
  Swamp (0/4) Lair:3        Snake (0/4) Lair:4        Slime (0/5) Lair:5
    Orc: D:9-12

Altars:
Cheibriados
Fedhas
Hepliaklqana
Nemelex Xobeh
Okawaru
Qazlal
Ru
Uskayaw
Wu Jian
Yredelemnul
The Shining One
Jiyva

Shops:
D:4 ?*:=*   D:8 [::[


Innate Abilities, Weirdness & Mutations

You cannot be hasted, slowed, berserked, paralysed or teleported.
You can dig through walls and to a lower floor.
You have a pair of large antennae on your head. (SInv)
Your four strong arms can wield two-handed weapons with a shield.


Message History

The tyrant leech bites you but does no damage.
You extend your mandibles.
You dig through the rock wall.
You feel drained.
You retract your mandibles.
You barely miss the tyrant leech. The tyrant leech bites you!!
The tyrant leech draws strength from your injuries!
You are too injured to fight recklessly!
You slice the tyrant leech!!
The tyrant leech is moderately wounded.
The tyrant leech bites you but does no damage.
You slice the tyrant leech!!
The tyrant leech is severely wounded.
The tyrant leech bites you!!
* * * LOW HITPOINT WARNING * * *
The tyrant leech draws strength from your injuries!
You closely miss the tyrant leech.
The tyrant leech is severely wounded.
The tyrant leech bites you.
* * * LOW HITPOINT WARNING * * *
The tyrant leech draws strength from your injuries!
You slice the tyrant leech!!
The tyrant leech is almost dead.
The tyrant leech bites you!
* * * LOW HITPOINT WARNING * * *
The tyrant leech draws strength from your injuries!
You feel much better. You block the tyrant leech's attack.
You slash the tyrant leech!
You kill the tyrant leech!
Lugonu accepts your kill. You block the bullfrog's attack.
You barely miss the bullfrog. You block the bullfrog's attack.
You miss the tyrant leech.
The tyrant leech is heavily wounded.
The tyrant leech bites you!
* * * LOW HITPOINT WARNING * * *
The tyrant leech draws strength from your injuries!
You closely miss the tyrant leech.
The tyrant leech is moderately wounded.
The tyrant leech bites you!!
You die...

≈≈≈≈≈≈≈≈≈≈≈≈≈#≈≈≈≈≈≈≈
≈≈≈≈≈≈≈≈≈##.#≈≈≈≈≈≈≈
≈≈≈P≈≈≈≈≈≈≈#.#≈≈≈≈≈
P≈≈≈≈≈≈≈P≈≈≈###≈≈≈≈
..≈≈≈≈≈≈≈≈≈≈#≈≈≈≈≈≈
....≈≈≈≈≈≈≈≈≈≈≈≈≈≈≈
#...Fw.≈≈≈≈≈≈...
...#####wS..≈...≈..
.......@###..P≈≈.).
.......## .#.......
......# #........
...... ....... ####.
...... .. ... #. ##


You could see 2 tyrant leeches and a water moccasin.

Vanquished Creatures
  Gastronok (D:8)
  2 hydras
  Erica (D:8)
  A two-headed ogre (D:8)
  Nergalle (Lair:1)
  2 goliath frogs (Lair:6)
  Pikel (D:5)
  7 elephants
  6 black mambas
  Joseph (D:7)
  3 torpor snails
  18 cane toads
  9 komodo dragons
  A rime drake (Lair:5)
  A troll (D:9)
  5 polar bears
  A tyrant leech (Lair:6)
  25 blink frogs
  Prince Ribbit (D:9)
  6 dream sheep (Lair:6)
  27 yaks
  A spriggan (Lair:4)
  2 basilisks
  3 vampire mosquitoes (Lair:6)
  Grum (D:8)
  2 humans (D:9)
  2 steam dragons
  Menkaure (D:5)
  4 nagas (Lair:4)
  Duvessa (D:5)
  8 water moccasins
  2 ice beasts (D:7)
  An orc warrior (D:6)
  2 black bears
  An ogre (D:4)
  29 wolves
  A lemure (D:5)
  2 centaurs
  A phantom (D:6)
  3 kobold brigands
  9 bullfrogs
  3 scorpions
  A gnoll sergeant (D:7)
  15 wights
  Dowan (D:5)
  7 killer bees (D:8)
  3 electric eels (D:9)
  4 howler monkeys
  6 hounds
  5 jellies
  2 gnoll shamans
  2 orc priests
  2 orc wizards
  A mummy (D:8)
  13 gnolls
  8 adders
  2 shadow imps
  A worm (D:2)
  5 dart slugs
  9 orcs
  8 endoplasms
  4 giant cockroaches
  9 goblins
  3 hobgoblins
  7 jackals
  5 quokkas
  3 ball pythons
  4 bats
  3 frilled lizards
  A hobgoblin zombie (D:8)
  23 kobolds
  3 kobold zombies (D:8)
  6 rats
365 creatures vanquished.

Vanquished Creatures (others)
  A bush (Lair:6)
  37 fungi
  105 plants
143 creatures vanquished.

Grand Total: 508 creatures vanquished

Notes
Turn   | Place    | Note
-------+----------+-------------------------------------------
     0 | Abyss:1  | Murumi the Formicid Abyssal Knight began the quest for the
                  | Orb.
     0 | Abyss:1  | Reached XP level 1. HP: 18/18 MP: 2/2
    70 | Abyss:1  | Noticed a small abomination
    70 | D:1      | Escaped the Abyss
   118 | D:1      | Reached skill level 1 in Dodging
   131 | D:1      | Reached ** piety under Lugonu
   274 | D:1      | Reached XP level 2. HP: 24/25 MP: 3/3
   918 | D:2      | Reached XP level 3. HP: 27/30 MP: 4/4
   976 | D:2      | Found a faded altar of an unknown god.
   993 | D:2      | Reached skill level 1 in Stealth
   993 | D:2      | Reached XP level 4. HP: 24/37 MP: 4/6
  1877 | D:2      | Reached XP level 5. HP: 23/42 MP: 6/8
  2121 | D:2      | Found a sacrificial altar of Ru.
  2539 | D:3      | Found a hazy altar of Hepliaklqana.
  2639 | D:3      | Found an ornate altar of the Wu Jian Council.
  2822 | D:3      | Reached *** piety under Lugonu
  2880 | D:4      | Found Soaf's Jewellery Emporium.
  2946 | D:4      | Reached XP level 6. HP: 46/48 MP: 9/9
  3083 | D:4      | Found a glowing golden altar of the Shining One.
  3149 | D:4      | Found Runaima's General Store.
  3191 | D:4      | Noticed an ogre
  3198 | D:4      | Killed an ogre
  3199 | D:4      | Reached skill level 5 in Invocations
  3262 | D:4      | Found a basalt altar of Yredelemnul.
  3328 | D:4      | Found Cimomedo's Book Shoppe.
  3329 | D:4      | Found Ocrinluh's Magic Scroll Shop.
  3348 | D:4      | Found Aluyz's Assorted Antiques.
  3355 | D:4      | Bought a black potion for 23 gold pieces
  3355 | D:4      | Bought a scroll labelled COADEO CU LOHE for 26 gold pieces
  3355 | D:4      | Bought a scroll labelled QERPHI TIUPYVITUZU for 26 gold
                  | pieces
  3355 | D:4      | Bought a scroll labelled LIYTUSTOPP for 26 gold pieces
  3355 | D:4      | Bought a purple potion for 23 gold pieces
  3355 | D:4      | Bought a scroll of identify for 52 gold pieces
  3418 | D:4      | Reached XP level 7. HP: 54/54 MP: 10/10
  3451 | D:4      | Found a staircase to the Ecumenical Temple.
  3487 | D:4      | Found a hide-covered altar of Uskayaw.
  3524 | D:4      | Bought a scroll of identify for 28 gold pieces
  3561 | D:5      | Entered Level 5 of the Dungeon
  3561 | D:5      | Noticed Duvessa
  3561 | D:5      | Noticed Dowan
  3782 | D:4      | Bought a scroll of identify for 28 gold pieces
  3847 | D:5      | Killed Duvessa
  3848 | D:5      | Reached skill level 5 in Fighting
  3852 | D:5      | Killed Dowan
  3853 | D:5      | Reached skill level 5 in Armour
  4026 | D:5      | Reached XP level 8. HP: 62/62 MP: 12/12
  4129 | D:4      | Bought a scroll of identify for 28 gold pieces
  4219 | D:5      | Noticed Menkaure
  4224 | D:5      | Killed Menkaure
  4277 | D:5      | Found a sparkling altar of Nemelex Xobeh.
  4379 | D:4      | Bought a scroll of identify for 28 gold pieces
  4561 | D:5      | Noticed Pikel
  4592 | D:5      | Killed Pikel
  4593 | D:5      | Reached skill level 5 in Polearms
  4593 | D:5      | Reached XP level 9. HP: 35/69 MP: 12/14
  4803 | D:6      | Reached skill level 1 in Evocations
  5445 | D:7      | Reached **** piety under Lugonu
  5636 | D:7      | Noticed Joseph
  5644 | D:7      | Killed Joseph
  6019 | D:7      | Reached XP level 10. HP: 79/79 MP: 16/16
  6027 | D:7      | Reached skill level 5 in Stealth
  6493 | D:8      | Noticed Gastronok
  6495 | D:8      | Found Lekhlorghe's Antique Armour Boutique.
  6513 | D:8      | Killed Gastronok
  6560 | D:8      | Found Uheod's Book Shop.
  6560 | D:8      | Found Xaemamim's Book Shoppe.
  6562 | D:8      | Found Kiegito's Armour Emporium.
  6681 | D:8      | Bought a +0 tower shield for 72 gold pieces
  6699 | D:8      | Found a blossoming altar of Fedhas.
  6767 | D:8      | Noticed Erica
  6792 | D:8      | Killed Erica
  6793 | D:8      | Reached skill level 3 in Shields
  6793 | D:8      | Reached XP level 11. HP: 54/86 MP: 17/17
  6794 | D:8      | Reached skill level 4 in Shields
  6863 | D:8      | Noticed Grum
  6875 | D:8      | Reached ***** piety under Lugonu
  6876 | D:8      | Reached skill level 5 in Shields
  6924 | D:8      | Killed Grum
  6925 | D:8      | Reached skill level 6 in Shields
  7014 | D:8      | Noticed a two-headed ogre
  7025 | D:8      | Killed a two-headed ogre
  7026 | D:8      | Reached skill level 7 in Shields
  7398 | D:9      | Found a stormy altar of Qazlal.
  7410 | D:9      | Noticed Prince Ribbit
  7418 | D:9      | Killed Prince Ribbit
  7419 | D:9      | Reached skill level 8 in Shields
  7473 | D:9      | Noticed an eight-headed hydra
  7482 | D:9      | Banished an eight-headed hydra
  7483 | D:9      | Reached skill level 9 in Shields
  7622 | D:9      | Found an iron altar of Okawaru.
  7774 | D:9      | Found a staircase to the Lair.
  7838 | D:9      | Found a snail-covered altar of Cheibriados.
  7910 | D:9      | Reached skill level 10 in Shields
  8185 | Lair:1   | Entered Level 1 of the Lair of Beasts
  8383 | Lair:1   | Reached skill level 10 in Invocations
  8558 | Lair:1   | Noticed Nergalle
  8576 | Lair:1   | Killed Nergalle
  8577 | Lair:1   | Reached XP level 12. HP: 89/95 MP: 19/19
  8666 | Lair:1   | You fall into a shaft and drop 1 floor!
  8736 | Lair:2   | Got the Tome of Transmutation
  9624 | Lair:2   | Reached skill level 5 in Evocations
  9911 | Lair:2   | Reached skill level 11 in Shields
 10313 | Lair:3   | Found a staircase to the Swamp.
 10561 | Lair:3   | Noticed a four-headed hydra
 10583 | Lair:3   | Banished a six-headed hydra
 10635 | Lair:3   | Reached skill level 10 in Fighting
 10820 | Lair:3   | Reached XP level 13. HP: 91/103 MP: 21/21
 11198 | Lair:3   | Reached skill level 10 in Armour
 12053 | Lair:4   | Reached skill level 12 in Shields
 12127 | Lair:4   | Found a staircase to the Snake Pit.
 12998 | Lair:5   | Found a staircase to the Slime Pits.
 12998 | Lair:5   | Found a viscous altar of Jiyva.
 13197 | Lair:5   | Noticed a four-headed hydra
 13208 | Lair:5   | Killed a four-headed hydra
 13531 | Lair:5   | Reached ****** piety under Lugonu
 13642 | Lair:5   | Noticed an eight-headed hydra
 13653 | Lair:5   | Banished an eight-headed hydra
 14012 | Lair:6   | Entered Level 6 of the Lair of Beasts
 14231 | Lair:6   | Reached XP level 14. HP: 100/113 MP: 23/23
 14534 | Lair:6   | Reached skill level 10 in Polearms
 14698 | Lair:6   | Reached skill level 13 in Shields
 14985 | Lair:6   | HP: 2/97 [tyrant leech (11)]
 14990 | Lair:6   | Mangled by a tyrant leech

Illustrated notes

Levels and vault maps discovered:
D:1:      lightli_arrival_flooded_house, layout_basic, serial_glass,
          glass_columns_c, glass_columns_b
D:2:      layout_loops_corners, hellmonk_ecumenical_altar_blasted, basic_altar,
          minivault_14
D:3:      layout_rooms, mainiacjoe_overflow_24_doors,
          nicolae_overflow_crystal_walls
D:4:      layout_rooms, lemuel_coloured_pillars_altar,
          mainiacjoe_overflow_alcove_1, tso_oasis_becter, temple_hall,
          serial_shops, shop, nicolae_shop_overgrown_old_shop,
          kennysheep_mini_moat, shop, nicolae_shop_trees
D:5:      layout_basic, lemuel_doored_altar, uniq_duvessa, uniq_menkaure,
          uniq_pikel
D:6:      layout_loops_ring
D:7:      layout_loops_ring, uniq_joseph
D:8:      layout_basic, mainiacjoe_overflow_paths, nicolae_wooded_promenade,
          minmay_mini_ossuary, uniq_gastronok, uniq_grum, uniq_erica
D:9:      layout_roguey, okawaru_humans, nicolae_qazlal_general_emergency,
          mainiacjoe_overflow_six_doors_small, erik_lair_island,
          uniq_prince_ribbit1
Lair:1:   layout_small_grid, uniq_nergalle
Lair:2:   layout_hall_layers
Lair:3:   layout_gridlike, swamp_mist
Lair:4:   layout_regular_city, minmay_snake_entry_guardpost_small,
          forest_entry_grove
Lair:5:   layout_regular_city, slime_altar_1, minivault_19
Lair:6:   minmay_lair_end_frog_pond, layout_gridlike, columned_hall_lemuel,
          uniq_urug

Skill      XL: |  1  2  3  4  5  6  7  8  9 10 11 12 13 14 |
---------------+-------------------------------------------+-----
Dodging        | 1 2 3 4 |  4.0
Fighting       | 4 5 6 7 8 9 10 11 | 11.3
Armour         | 3 4 5 7 8 9 10 11 | 11.0
Invocations    | 3 4 5 6 7 8 9 10 11 12 | 12.0
Stealth        | 1 2 3 4 5 6 7 8 9 |  9.0
Polearms       | 3 4 5 6 7 8 9 10 | 10.0
Evocations     | 3 4 5 6 |  6.0
Shields        | 3 10 11 12 13 | 13.0

Action                   |  1- 3 |  4- 6 |  7- 9 | 10-12 | 13-15 || total
-------------------------+-------+-------+-------+-------+-------++-------
Melee: Spear             |    51 |    85 |       |       |       ||   136
       Glaive            |       |    72 |   167 |   648 |   712 ||  1599
       Unarmed           |       |       |    17 |       |       ||    17
       Trident           |       |       |       |       |    21 ||    21
Invok: Depart the Abyss  |     1 |       |       |       |       ||     1
       Banish            |       |       |     1 |     4 |     2 ||     7
       Bend Space        |       |       |       |       |     1 ||     1
 Abil: Dig               |       |       |       |     5 |     9 ||    14
  Use: Scroll            |     2 |    13 |     7 |     4 |     4 ||    30
       Potion            |       |       |       |       |     1 ||     1
 Stab: Sleeping          |       |     1 |       |       |       ||     1
Armor: Leather armour    |    12 |    49 |     4 |       |       ||    65
       Chain mail        |       |       |    70 |   325 |   294 ||   689
Dodge: Dodged            |    11 |    56 |    79 |   199 |   201 ||   546
Block: Tower shield      |       |       |       |   550 |   719 ||  1269

Table legend: (Time is in decaauts)
 A = Elapsed time spent in this place.
 B = Non-inter-level travel time spent in this place.
 C = Inter-level travel time spent in this place.
 D = Time resting spent in this place.
 E = Time spent auto-exploring this place.
 F = Levels seen in this place.
 G = Mean time per level.
                   A        B        C        D        E       F      G
               +--------+--------+--------+--------+--------+-----+--------+
         Total |  15800 |  14204 |   1596 |    296 |   9774 |  16 |  987.5 |
       Dungeon |   8517 |   7514 |   1003 |    149 |   5440 |   9 |  946.3 |
          Lair |   7213 |   6621 |    592 |    147 |   4264 |   6 | 1202.2 |
         Abyss |     70 |     70 |      0 |      0 |     69 |   1 |   70.0 |
               +--------+--------+--------+--------+--------+-----+--------+

Top non-repeatable levels by time:
  Lair:1: 1362 daAuts
  Lair:4: 1323 daAuts
     D:2: 1301 daAuts
  Lair:5: 1249 daAuts
  Lair:3: 1242 daAuts
     D:8: 1226 daAuts
  Lair:2: 1021 daAuts
  Lair:6: 1015 daAuts
     D:5: 990 daAuts
     D:9: 974 daAuts
     D:4: 926 daAuts
     D:1: 874 daAuts
     D:7: 769 daAuts
     D:6: 761 daAuts
     D:3: 692 daAuts
